 Dungeon Crawl Stone Soup version 0.30-a0-292-g0f741e3f8e (webtiles) character file.

Game seed: 18008854327351596339

34 plokij the Shield-Bearer (level 3, -3/33 HPs)
             Began as a Minotaur Fighter on Oct 18, 2022.
             Killed from afar by Sigmund (13 damage)
             ... with a puff of flame
             ... on level 3 of the Dungeon.
             The game lasted 00:03:55 (1190 turns).

plokij the Shield-Bearer (Minotaur Fighter)         Turns: 1190, Time: 00:03:55

Health: -3/33      AC: 11    Str: 20    XL:     3   Next: 14%
Magic:  2/2        EV:  5    Int:  5    God:
Gold:   93         SH:  4    Dex: 11    Spells: 2/2 levels left

rFire   . . .      SeeInvis .    a - +0 long sword
rCold   . . .      Faith    .    c - +0 buckler
rNeg    . . .      Spirit   .    k - +0 plate armour
rPois   .          Reflect  .    (helmet restricted)
rElec   .          Harm     .    (no cloak)
rCorr   .          Rampage  .    (no gloves)
Will    .....                    (no boots)
Stlth   ..........               (no amulet)
HPRegen 0.25/turn                (no ring)
MPRegen 0.08/turn                (no ring)

@: no status effects
A: horns 2, retaliatory headbutt
a: no special abilities


You were on level 3 of the Dungeon.
You visited 1 branch of the dungeon, and saw 3 of its levels.

You collected 93 gold pieces.

Inventory:

Hand Weapons
 a - a +0 long sword (weapon)
Armour
 c - a +0 buckler (worn)
 k - a +0 plate armour (worn)
Jewellery
 n - a ring of wizardry
Wands
 m - a wand of flame (21)
Scrolls
 b - a scroll of identify {unknown}
 e - a scroll of amnesia {unknown}
 f - a scroll of butterflies {unknown}
 h - 3 scrolls of enchant armour {unknown}
 i - 2 scrolls of teleportation {unknown}
 j - a scroll of immolation {unknown}
Potions
 d - a potion of might
 g - 2 potions of heal wounds {unknown}
 l - a potion of ambrosia {unknown}


   Skills:
 + Level 3.9 Fighting
 * Level 3.1 Long Blades
 + Level 3.9 Armour
 + Level 0.6 Dodging
 + Level 4.1 Shields


You had 2 spell levels left.
You didn't know any spells.
Your spell library was empty.

Dungeon Overview and Level Annotations

Branches:
Dungeon (3/15)

Altars:

Shops:
D:2 ?

Annotations:
D:3 Sigmund


Innate Abilities, Weirdness & Mutations

You have a pair of horns on your head.
You reflexively headbutt those who attack you in melee.


Message History

You closely miss the orc. The orc barely misses you. You furiously retaliate!
You headbutt the orc!
You kill the orc!
Things that are here:
a +0 war axe; an orc corpse HP restored.
An endoplasm comes into view.
Found a stone staircase leading down.
The endoplasm freezes you.
You are frozen.
You hit the endoplasm. You headbutt the endoplasm.
You kill the endoplasm!
Sigmund the Dreaded comes into view.
He is wielding a +0 scythe and carrying a wand of light (5).
Found a scroll labelled FICVASCHUUSI.
Sigmund shouts!
Found 18 gold pieces.
Sigmund barely misses you.
You barely miss Sigmund. You headbutt Sigmund.
Sigmund is lightly wounded.
Sigmund zaps a wand.
The bolt of light hits you!
You hit Sigmund but do no damage.
Sigmund is lightly wounded.
Sigmund casts a spell at you. You resist with significant effort.
Sigmund barely misses you.
You completely miss Sigmund.
Sigmund is lightly wounded.
You hit Sigmund. Your headbutt misses Sigmund.
Sigmund is lightly wounded.
Sigmund gestures wildly while chanting.
Sigmund flickers and vanishes!
Deactivating autopickup; reactivate with Ctrl-A.
Something hits you!
You barely miss something. Something hits you.
You miss something. Your headbutt misses something. You slash something!
You block something's attack.
You miss something. Something hits you.
You hit something. Your headbutt misses something.
You hear some strange, mumbled words.
A puff of flame appears from out of thin air!
The puff of flame hits you!
You die...

##. #....##.#
#
#....##.#####
#....##.....#
#######.....#
#.?
#.....##...#
#..........#
##.....#..#..
#........##
#..@.>......
#..{.......#
#.....####.#
#.....# .#
#.....# .
......#
.......#
..$.....#


There were no monsters in sight!

Vanquished Creatures
  A worm (D:2)
  An orc (D:3)
  A ball python (D:2)
  4 bats
  2 endoplasms
  2 giant cockroaches (D:1)
  2 goblins
  3 hobgoblins
  3 jackals (D:1)
  A quokka (D:1)
  3 frilled lizards
  4 kobolds
27 creatures vanquished.

Notes
Turn   | Place    | Note
-------+----------+-------------------------------------------
     0 | D:1      | plokij the Minotaur Fighter began the quest for the Orb.
     0 | D:1      | Reached XP level 1. HP: 19/19 MP: 0/0
    73 | D:1      | Found a faded altar of an unknown god.
   164 | D:1      | Reached XP level 2. HP: 27/27 MP: 1/1
   683 | D:2      | Reached skill level 4 in Shields
   770 | D:2      | Identified the +9 whip of Sharing Death {pain, Str+5
                  | Stlth-}
   890 | D:2      | Reached XP level 3. HP: 33/33 MP: 2/2
   892 | D:2      | Found Daylu's Magic Scroll Emporium.
  1178 | D:3      | Noticed Sigmund
  1190 | D:3      | Killed from afar by Sigmund

Illustrated notes

Levels and vault maps discovered:
D:1:      lemuel_arrival_broad_hall, layout_basic,
          hellmonk_ecumenical_altar_run_dry
D:2:      layout_rooms, serial_shops, shop, minmay_pentomino_z4
D:3:      layout_basic, serial_corexii_hall, corexii_hall_statues_t,
          corexii_hall_statues_s, uniq_sigmund

Skill      XL: |  1  2 |
---------------+-------+-----
Shields        | 4 |  4.1
Long Blades    | 3 |  3.1
Fighting       | |  3.9
Armour         | |  3.9
Dodging        | |  0.6

Action                   || total
-------------------------++-------
Melee: Long sword        ||    70
       Headbutt          ||    14
Armor: Scale mail        ||    13
       Plate armour      ||    13
Dodge: Dodged            ||    33
Block: Buckler           ||     8

Table legend: (Time is in decaauts)
 A = Elapsed time spent in this place.
 B = Non-inter-level travel time spent in this place.
 C = Inter-level travel time spent in this place.
 D = Time resting spent in this place.
 E = Time spent auto-exploring this place.
 F = Levels seen in this place.
 G = Mean time per level.
                   A        B        C        D        E       F      G
               +--------+--------+--------+--------+--------+-----+--------+
         Total |   1210 |   1072 |    138 |      0 |    833 |   3 |  403.3 |
       Dungeon |   1210 |   1072 |    138 |      0 |    833 |   3 |  403.3 |
               +--------+--------+--------+--------+--------+-----+--------+

Top non-repeatable levels by time:
     D:1: 647 daAuts
     D:2: 499 daAuts
     D:3: 64 daAuts
